 Dungeon Crawl Stone Soup version 0.19.5 (webtiles) character file.

200 Sanvar the Ruffian (level 5, -1/53 HPs)
             Began as a Troll Chaos Knight on Apr 13, 2017.
             Slain by Ijyb the bullfrog (shapeshifter) (6 damage)
             ... on level 3 of the Dungeon.
             The game lasted 00:08:19 (1497 turns).

Sanvar the Ruffian (Troll Chaos Knight)             Turns: 1497, Time: 00:08:22

Health: -1/53      AC:  7    Str: 20    XL:     5   Next: 49%
Magic:  4/4        EV: 11    Int:  8    God:    Xom [*.....]
Gold:   86         SH:  0    Dex: 10    Spells: 0 memorised, 4 levels left

rFire  . . .     SeeInvis .       - Unarmed
rCold  . . .     Gourm    +     a - +2 robe
rNeg   . . .     Faith    .     (no shield)
rPois  .         Spirit   .     (helmet restricted)
rElec  .         Reflect  .     (no cloak)
rCorr  .         Harm     .     (gloves unavailable)
MR     .....                    (boots unavailable)
Stlth  ..........               (no amulet)
                                (no ring)
                                p - ring of loudness (curse)

@: no status effects
A: unfitting armour, claws 3, fast metabolism 3, gourmand, regeneration 1,
shaggy fur 1, tough skin 2
a: Renounce Religion


You were on level 3 of the Dungeon.
You worshipped Xom.
You were a special plaything of Xom.
You were completely stuffed.

You visited 1 branch of the dungeon, and saw 3 of its levels.

You collected 86 gold pieces.

Inventory:

Armour
 a - a +2 robe (worn)
Jewellery
 p - a cursed ring of loudness (left claw)
Scrolls
 c - a scroll of enchant armour {unknown}
 e - a scroll of remove curse {unknown}
 g - 2 scrolls of fear {unknown}
 h - a scroll of magic mapping {unknown}
 i - 4 scrolls of identify {unknown}
 j - a scroll of immolation {unknown}
 k - a scroll of recharging {unknown}
 n - a scroll of teleportation {unknown}
Potions
 f - a potion of degeneration {unknown}
 l - a potion of invisibility {unknown}
 m - a potion of cancellation {unknown}
Comestibles
 b - 2 bread rations
 d - a beef jerky
 o - a meat ration


   Skills:
 + Level 3.2 Fighting
 * Level 3.6 Dodging
 + Level 4.2 Unarmed Combat


You had 4 spell levels left.
You didn't know any spells.

Dungeon Overview and Level Annotations

Branches:
Dungeon (3/15)

Altars:
Xom

Annotations:
D:3 Ijyb


Innate Abilities, Weirdness & Mutations

You are too large for most types of armour.
You have claws for hands.
Your metabolism is lightning-fast.
You like to eat raw meat.
Your natural rate of healing is unusually fast.
You are covered in fur. (AC +1)
You have very tough skin. (AC +2)


Message History

"Boo!"
You hear a shout!
The bat hits you but does no damage.
Ijyb hits you but does no damage. "Fight to survive, mortal."
The bat hits you.
* * * LOW HITPOINT WARNING * * *
A giant cockroach comes into view.
The bat closely misses you.
The ufetubus hits you but does no damage.
The ufetubus misses you.
An adder comes into view.
The ufetubus barely misses you. The ufetubus hits you.
* * * LOW HITPOINT WARNING * * *
Xom smirks.
You detect creatures!
The giant cockroach bites you but does no damage.
The giant cockroach waves its antennae.
The giant cockroach closely misses you. Ijyb hits you.
You die...
Xom titters!

.... .....).g..#8......
.... ......g...'....._.
......g...#8......
.......g..#####...
......s.......# .
..#####.#)....#
#######b###...########
#..s.F...............
#...@5............###
#...............##......
#.....###S......##......
K ......
#.......##...... ..#.#
#............... . #.
................. #
....#.####........
....#.#..+........
#....#........


You could see Ijyb the bullfrog shaped shifter, an adder, an ufetubus, a giant
cockroach and a bat.

Vanquished Creatures
  A boggart (shapeshifter) (D:2)
  Terence (D:3)
  A gnoll (D:3)
  3 adders (D:2)
  A worm (D:3)
  2 dart slugs (D:1)
  2 leopard geckos
  3 orcs (D:3)
  A giant cockroach (D:2)
  10 hobgoblins
  4 kobolds
  6 bats
  8 frilled lizards
  9 rats
52 creatures vanquished.

Notes
Turn   | Place    | Note
-------+----------+-------------------------------------------
     0 | D:1      | Sanvar the Troll Chaos Knight began the quest for the Orb.
     0 | D:1      | Reached XP level 1. HP: 22/22 MP: 0/0
   149 | D:1      | Reached XP level 2. HP: 29/29 MP: 1/1
   440 | D:1      | Reached XP level 3. HP: 36/36 MP: 2/2
   570 | D:1      | XOM: silly message
   672 | D:1      | XOM: harmless Conj miscast
   884 | D:2      | XOM: polymorph leopard gecko -> gnoll
   885 | D:2      | Noticed a boggart
   885 | D:2      | a howler monkey changed into a boggart
   887 | D:2      | Killed a boggart
   887 | D:2      | Reached XP level 4. HP: 44/44 MP: 3/3
  1027 | D:2      | Reached skill level 4 in Unarmed Combat
  1042 | D:2      | Reached XP level 5. HP: 53/53 MP: 4/4
  1268 | D:3      | Noticed Terence
  1278 | D:3      | Killed Terence
  1456 | D:3      | Found a shimmering altar of Xom.
  1464 | D:3      | Noticed Ijyb
  1481 | D:3      | Ijyb changed into Ijyb the bullfrog
  1481 | D:3      | XOM: polymorph Ijyb -> Ijyb the bullfrog
  1483 | D:3      | HP: 2/53 [gnoll (6)]
  1493 | D:3      | XOM: noise
  1494 | D:3      | XOM: summons 2 hostile demons
  1497 | D:3      | XOM: divination: detect creatures
  1497 | D:3      | Slain by Ijyb the bullfrog (shapeshifter)

Skill      XL: |  1  2  3  4 |
---------------+-------------+-----
Dodging        | 2 3 |  3.6
Fighting       | 3 |  3.2
Unarmed Combat | 4 |  4.2

Action                   |  1- 3 |  4- 6 || total
-------------------------+-------+-------++-------
Melee: Unarmed           |    87 |    59 ||   146
       Punch             |     2 |     1 ||     3
  Eat: Chunk             |    13 |     6 ||    19
Armor: Robe              |    41 |    41 ||    82
Dodge: Dodged            |    52 |    56 ||   108
